 Dungeon Crawl Stone Soup version 0.28-a0-1493-g08698888e4 (webtiles) character file.

Game seed: 17743191180996829090

385 a3don the Chopper (level 6, -6/51 HPs)
             Began as a Palentonga Fighter on Jan 13, 2022.
             Mangled by a hornet (7 damage)
             ... while paralysed by a hornet
             ... on level 5 of the Dungeon.
             The game lasted 00:07:03 (3166 turns).

a3don the Chopper (Palentonga Fighter)              Turns: 3166, Time: 00:07:03

Health: -6/51      AC:  6    Str: 21    XL:     6   Next: 48%
Magic:  6/6        EV:  1    Int:  9    God:
Gold:   202        SH:  0    Dex:  9    Spells: 5/5 levels left

rFire   . . .      SeeInvis +   a - +0 war axe
rCold   . . .      Faith    .   c - +0 buckler
rNeg    . . .      Spirit   .   b - +0 scale mail
rPois   .          Reflect  .   (no helmet)
rElec   .          Harm     .   (no cloak)
rCorr   .          Rampage  .   (no gloves)
Will    .....                   (no barding)
Stlth   ..........              (no amulet)
HPRegen 0.17/turn               l - +4 ring of slaying
MPRegen 0.10/turn               (no ring)

@: paralysed, lethally poisoned (-6 -> -22), slowed
A: large, rugged brown scales 3, see invisible, deformed body, roll 1, armoured
tail
a: Rolling Charge


You were on level 5 of the Dungeon.
You visited 1 branch of the dungeon, and saw 5 of its levels.

You collected 202 gold pieces.

Inventory:

Hand Weapons
 a - a +0 war axe (weapon)
 j - a +2 antimagic rapier
 r - a +0 halberd
 w - a +2 vorpal falchion
 B - a +0 hunting sling
Missiles
 e - 148 stones
 f - 3 boomerangs
 i - 200 arrows
 u - 2 throwing nets
Armour
 b - a +0 scale mail (worn)
 c - a +0 buckler (worn)
 A - an orb of light
Jewellery
 l - a +4 ring of slaying (left hand)
 o - an amulet of faith
 t - a +6 ring of strength
Wands
 z - a wand of flame (11) (quivered)
Scrolls
 g - a scroll of identify
 k - 2 scrolls of noise {unknown}
 m - a scroll of torment {unknown}
 n - a scroll of summoning {unknown}
 p - a scroll of fear {unknown}
 s - a scroll of vulnerability {unknown}
 x - 2 scrolls of teleportation {unknown}
 y - a scroll of amnesia {unknown}
Potions
 d - a potion of might
 h - a potion of mutation
 q - a potion of curing {unknown}
 v - a potion of lignification


   Skills:
 + Level 4.2 Fighting
 * Level 4.5 Axes
 + Level 3.5 Armour
 + Level 3.4 Shields


You had 5 spell levels left.
You didn't know any spells.
Your spell library contained the following spells:

 Spells                   Type           Power      Damage    Failure   Level
 Pain                     Necr           0%         1d4       80%         1
 Agony                    Necr           0%         N/A       100%        5
 Excruciating Wounds      Necr           0%         N/A       100%        5


Dungeon Overview and Level Annotations

Branches:
Dungeon (5/15)
 Temple: D:4-7

Altars:
Qazlal

Shops:
D:1 :


Innate Abilities, Weirdness & Mutations

You are completely covered in rugged brown scales. (AC +3, +7% HP)
You have supernaturally acute eyesight. (SInv)
Armour fits poorly on your strangely shaped body.
You can roll at nearby foes to attack.
You have a long armoured tail.


Message History

The orc shouts! x3
Found 38 gold pieces and 8 poisoned darts.
Found three stone staircases leading down.
There is a stone staircase leading up here.
There are monsters nearby!
Aiming: Throw Flame
Press: ? - help, Q - select action, (/) - cycle Shift-Dir - straight line, f - hornet
Aim: a hornet (52% to hit)
The puff of flame hits the hornet!
The hornet is moderately wounded.
The gnoll throws a throwing net.
The throwing net barely misses you.
An orc comes into view. It is wielding a +0 club.
Aiming: Throw Flame
Press: ? - help, Q - select action, (/) - cycle Shift-Dir - straight line, f/p - hornet
Aim: a hornet (moderately wounded, 52% to hit)
The puff of flame hits the hornet but does no damage.
The hornet is moderately wounded.
The orc shouts!
Aiming: Throw Flame
Press: ? - help, Q - select action, (/) - cycle Shift-Dir - straight line, f/p - hornet
Aim: a hornet (moderately wounded, 52% to hit)
The puff of flame misses the hornet.
A hound skeleton comes into view.
The hornet stings you!
You are poisoned.
You feel yourself slow down.
The gnoll hits you from afar with a +0 spear.
You feel yourself speed up.
You feel very sick. The hornet stings you!
You are more poisoned.
You suddenly lose the ability to move!
The gnoll hits you from afar with a +0 spear.
The hornet stings you!
* * * LOW HITPOINT WARNING * * *
You feel yourself slow down.
* * * LOW HITPOINT WARNING * * *
You feel very sick. The hornet stings you!
You die...

# #..
.....########
...o.oo@....#
.....o.y....#
..$....ggg..#
....#.$.g(....#
... #.$...Z...#
.. #>...>.....
. ######.....
.....


You could see a hornet, a gnoll shaman, 3 gnolls, 4 orcs and a hound skeleton.

Vanquished Creatures
  An ice beast (D:4)
  A scorpion (D:4)
  3 orc priests
  A hound (D:4)
  3 adders
  An ufetubus (D:2)
  3 adder skeletons (D:4)
  A dart slug (D:1)
  9 orcs
  4 endoplasms
  8 hobgoblins
  8 kobolds
  2 quokkas
  8 ball pythons
  6 bats
  A frilled lizard (D:3)
  6 goblins
  4 rats
70 creatures vanquished.

Notes
Turn   | Place    | Note
-------+----------+-------------------------------------------
     0 | D:1      | a3don the Palentonga Fighter began the quest for the Orb.
     0 | D:1      | Reached XP level 1. HP: 19/19 MP: 1/1
   211 | D:1      | Reached XP level 2. HP: 25/25 MP: 2/2
   359 | D:1      | Found Bulo Xie's Book Boutique.
   868 | D:2      | Found a stormy altar of Qazlal.
   903 | D:2      | Reached XP level 3. HP: 31/31 MP: 3/3
  1548 | D:3      | Found a faded altar of an unknown god.
  1773 | D:3      | Reached XP level 4. HP: 33/37 MP: 4/4
  2306 | D:4      | Noticed a scorpion
  2311 | D:4      | Killed a scorpion
  2312 | D:4      | Reached XP level 5. HP: 44/44 MP: 5/5
  2336 | D:4      | Noticed an ice beast
  2342 | D:4      | Killed an ice beast
  2343 | D:4      | Reached XP level 6. HP: 37/51 MP: 6/6
  3161 | D:5      | Entered Level 5 of the Dungeon
  3161 | D:5      | Noticed a hornet
  3165 | D:5      | Paralysed by a hornet for 2 turns
  3166 | D:5      | HP: 1/51 [poisoned by a hornet]
  3166 | D:5      | Mangled by a hornet

Illustrated notes

Levels and vault maps discovered:
D:1:      dpeg_arrival_rooms_b, layout_basic, serial_shops, shop,
          minmay_box_of_dots
D:2:      layout_rooms, basic_altar
D:3:      layout_loops_cross, hellmonk_ecumenical_altar_zigzags
D:4:      layout_basic
D:5:      layout_basic, fedhas_bush_and_centaur_altar

Skill      XL: |  1  2  3  4  5 |
---------------+----------------+-----
Axes           | 3 4 |  4.5
Armour         | 3 |  3.5
Shields        | 3 |  3.4
Fighting       | 4 |  4.2

Action                   |  1- 3 |  4- 6 || total
-------------------------+-------+-------++-------
Melee: War axe           |    87 |    66 ||   153
       Tailslap          |     7 |     6 ||    13
 Abil: Rolling Charge    |     6 |     1 ||     7
Evoke: Wand              |       |     3 ||     3
  Use: Scroll            |       |     3 ||     3
       Potion            |       |     1 ||     1
Armor: Scale mail        |    51 |    28 ||    79
Dodge: Dodged            |    31 |    24 ||    55
Block: Buckler           |    21 |    10 ||    31

Table legend: (Time is in decaauts)
 A = Elapsed time spent in this place.
 B = Non-inter-level travel time spent in this place.
 C = Inter-level travel time spent in this place.
 D = Time resting spent in this place.
 E = Time spent auto-exploring this place.
 F = Levels seen in this place.
 G = Mean time per level.
                   A        B        C        D        E       F      G
               +--------+--------+--------+--------+--------+-----+--------+
         Total |   3222 |   3105 |    117 |    242 |   2349 |   5 |  644.4 |
       Dungeon |   3222 |   3105 |    117 |    242 |   2349 |   5 |  644.4 |
               +--------+--------+--------+--------+--------+-----+--------+

Top non-repeatable levels by time:
     D:4: 1029 daAuts
     D:1: 884 daAuts
     D:3: 842 daAuts
     D:2: 462 daAuts
     D:5: 5 daAuts
